 Dungeon Crawl Stone Soup version 0.17-a0-1056-g838d5c0 (webtiles) character file.

1696 Lugonue the Cruncher (level 8, -1/57 HPs)
             Began as a Mummy Gladiator on May 16, 2015.
             Was a Follower of Kikubaaqudgha.
             Shot with an arrow of flame by a centaur (3 damage)
             ... on level 6 of the Dungeon.
             The game lasted 00:14:44 (5388 turns).

Lugonue the Cruncher (Mummy Gladiator)              Turns: 5388, Time: 00:14:45

Health: -1/57      AC:  8    Str: 18    XL:     8   Next: 72%
Magic:  11/11      EV: 12    Int: 10    God:    Kikubaaqudgha [*.....]
Gold:   259        SH:  3    Dex: 12    Spells: 2 memorised, 9 levels left

rFire  x . .     SeeInvis .     d - +1 whip (elec)
rCold  + . .     Clarity  .     h - +2 robe
rNeg   + + +     SustAb   .     i - +0 buckler
rPois  ∞         Gourm    .     c - +2 helmet
rElec  .         Spirit   .     (no cloak)
rCorr  +         Warding  .     (no gloves)
rMut   .         Stasis   .     j - +0 pair of boots
MR     ++...                    e - amulet of resist corrosion
Stlth  +.........               (no ring)
                                f - ring of protection from magic

@: about to teleport, very slightly contaminated, very resistant to hostile
enchantments, very unstealthy
A: no food or potions, fire vulnerability, cold resistance 1, negative energy
resistance 3, torment resistance, unbreathing
a: Receive Corpses, Renounce Religion


You were on level 6 of the Dungeon.
You worshipped Kikubaaqudgha.
Kikubaaqudgha was aware of your devotion.
You were not hungry.

You visited 2 branches of the dungeon, and saw 7 of its levels.
You also visited: Sewer.

You collected 259 gold pieces.

Inventory:

Hand weapons
 a - a +0 quarterstaff
 d - a +1 whip of electrocution (weapon)
Missiles
 g - 33 poisoned needles
 m - 4 javelins (quivered)
Armour
 c - a +2 helmet (worn)
 h - a +2 robe (worn)
 i - a +0 buckler (worn)
 j - a +0 pair of boots (worn)
Jewellery
 e - an amulet of resist corrosion (around neck)
 f - a ring of protection from magic (left hand)
Magical devices
 k - a wand of frost (48)
Scrolls
 b - a scroll of magic mapping
 l - 2 scrolls of fear
 o - a scroll of remove curse
 r - a scroll of enchant armour
 s - a scroll of identify
Books
 q - Kikubaaqudgha's Incunabulum of Necromancy
   (Kikubaaqudgha gifted it to you on level 5 of the Dungeon)

   Spells                             Type                      Level
   a - Animate Skeleton               Necromancy                   1
   b - Pain                           Necromancy                   1
   c - Corpse Rot                     Necromancy                   2
   d - Vampiric Draining              Necromancy                   3
   e - Control Undead                 Necromancy                   4


   Skills:
 + Level 2.6 Fighting
 * Level 1.0(5.5) Maces & Flails
 - Level 8.7(8.8) Staves
 - Level 1.5 Throwing
 - Level 2.4 Dodging
 + Level 0.1 Shields
 * Level 2.4 Spellcasting
 * Level 3.0 Necromancy


You had 9 spell levels left.
You knew the following spells:

 Your Spells              Type           Power        Failure   Level  Hunger
a - Pain                  Necr           #...         14%         1    N/A
b - Animate Skeleton      Necr           N/A          14%         1    N/A

Dungeon Overview and Level Annotations

Branches:
Dungeon (6/15)             Temple (1/1) D:4

Altars:
Ashenzari
Cheibriados
Fedhas
Gozag
Kikubaaqudgha
Nemelex Xobeh
Okawaru
Qazlal
Ru
Sif Muna
Xom
Zin
Lugonu

Annotations:
D:1 1 runed door


Innate Abilities, Weirdness & Mutations

You do not eat or drink.
Your flesh is vulnerable to fire.
You are immune to poison.
Your flesh is cold resistant.
You are immune to negative energy.
You are immune to unholy pain and torment.
You can survive without breathing.


Message History

Press: ? - help, Dir - move target cursor You are very lightly contaminated with residual magic.
As you read the scroll of blinking, it crumbles to dust.
Read which item? (? for menu, Esc to quit)
As you read the scroll of teleportation, it crumbles to dust.
You feel strangely unstable.
Your surroundings seem slightly different.
The centaur shoots an arrow of flame.
The arrow of flame hits you.
* * * LOW HITPOINT WARNING * * *
The arrow of flame burns you.
* * * LOW HITPOINT WARNING * * *
You see here an arrow of flame.
Read which item? (? for menu, Esc to quit)
As you read the scroll of teleportation, it crumbles to dust.
You feel strangely unstable.
The centaur shoots an arrow of flame.
The arrow of flame hits you!
* * * LOW HITPOINT WARNING * * *
The arrow of flame burns you.
You die...
Kikubaaqudgha rasps: "You have failed me!
Welcome... oblivion!"

♣ ♣.P.♣♣♣P♣###
PP♣♣P..♣.P.♣♣ ......
♣.♣...P♣PP..♣ #.....#
......♣♣..P♣PP###......##..
...♣..♣..♣.♣#..............
.....♣..P...####....(.....#
.#..P♣.P.♣♣.♣.#%.........#
....♣..♣♣♣♣.............#
...P.P..♣♣P.#...@.......#
PP♣♣.P.♣P..............# .♣
♣P.♣♣.PP............# .
♣§P♣♣♣...............#
♣P.♣..............####
#§..............###
######.........##
#......c.## #......(.###


You could see a centaur.

Vanquished Creatures
  Pikel (D:5)
  The ghost of Lugonue the Charmwright, an average VSSk (D:4)
  Purgy (Sewer)
  An eye of draining (D:5)
  An ogre (D:5)
  A giant frog (D:5)
  A scorpion (D:4)
  A crimson imp (D:5)
  A giant frog skeleton (D:5)
  A jelly (D:6)
  Ijyb (D:2)
  A hound (D:5)
  6 worker ants
  2 iguanas
  Jessica (D:2)
  Natasha (thrice) (D:2)
  3 orc wizards
  2 river rats
  9 adders
  An ooze (D:2)
  An adder skeleton (D:4)
  4 worms
  2 giant geckos
  16 orcs
  4 ball pythons
  A bat zombie (D:5)
  A giant cockroach (D:1)
  8 goblins
  12 hobgoblins
  7 jackals
  11 kobolds
  2 quokkas
  12 bats
  9 giant newts
  3 quokka skeletons
  11 rats
143 creatures vanquished.

Notes
Turn   | Place    | Note
--------------------------------------------------------------
     0 | D:1      | Lugonue the Mummy Gladiator began the quest for the Orb.
     0 | D:1      | Reached XP level 1. HP: 16/16 MP: 1/1
     1 | D:1      | Found a runed door.
   334 | D:1      | Reached XP level 2. HP: 20/22 MP: 2/2
   413 | D:1      | Reached skill level 3 in Staves
  1018 | D:2      | Reached XP level 3. HP: 25/27 MP: 3/3
  1085 | D:2      | Noticed Jessica
  1112 | D:2      | Killed Jessica
  1112 | D:2      | Reached skill level 4 in Staves
  1144 | D:2      | Noticed Natasha
  1151 | D:2      | Killed Natasha
  1151 | D:2      | Reached XP level 4. HP: 26/33 MP: 4/4
  1238 | D:2      | Noticed Ijyb
  1253 | D:2      | Killed Ijyb
  1450 | D:2      | Noticed Natasha
  1458 | D:2      | Killed Natasha
  1528 | D:2      | Reached XP level 5. HP: 16/38 MP: 5/5
  1949 | D:2      | Noticed Natasha
  1954 | D:2      | Killed Natasha
  2065 | D:2      | Reached skill level 5 in Staves
  2421 | D:3      | Found a glowing drain.
  2425 | Sewer    | Entered a sewer
  2613 | Sewer    | Noticed Purgy
  2626 | Sewer    | Killed Purgy
  2626 | Sewer    | Reached XP level 6. HP: 41/44 MP: 6/6
  2765 | D:3      | Found a sparkling altar of Nemelex Xobeh.
  2765 | D:3      | Found an opulent altar of Gozag.
  2925 | D:4      | Reached skill level 6 in Staves
  3241 | D:4      | Found a staircase to the Ecumenical Temple.
  3375 | Temple   | Entered the Ecumenical Temple
  3433 | Temple   | Became a worshipper of Kikubaaqudgha
  3659 | D:4      | Noticed Lugonue's ghost (average VSSk)
  3666 | D:4      | Killed Lugonue's ghost
  3666 | D:4      | Reached XP level 7. HP: 40/50 MP: 7/7
  3671 | D:4      | Reached skill level 1 in Necromancy
  3785 | D:4      | Reached skill level 7 in Staves
  4126 | D:5      | Entered Level 5 of the Dungeon
  4200 | D:5      | Found a shimmering altar of Xom.
  4210 | D:5      | Acquired Kikubaaqudgha's first power
  4210 | D:5      | Received a gift from Kikubaaqudgha
  4211 | D:5      | Identified Kikubaaqudgha's Incunabulum of Necromancy (Kikubaaqudgha gifted it to you on level 5 of the Dungeon)
  4214 | D:5      | Learned a level 1 spell: Pain
  4216 | D:5      | Learned a level 1 spell: Animate Skeleton
  4600 | D:5      | Found a shattered altar of Ashenzari.
  4653 | D:5      | Noticed Pikel
  4674 | D:5      | Killed Pikel
  4674 | D:5      | Reached skill level 8 in Staves
  4674 | D:5      | Reached skill level 1 in Spellcasting
  4674 | D:5      | Reached XP level 8. HP: 48/57 MP: 4/10
  5343 | D:6      | Reached skill level 1 in Maces & Flails
  5349 | D:6      | Found an iron altar of Okawaru.
  5371 | D:6      | Found a snail-covered altar of Cheibriados.
  5388 | D:6      | HP: 2/57 [centaur/arrow of flame (8)]
  5388 | D:6      | Shot with an arrow of flame by a centaur

Vault maps used:
D:1:      dpeg_arrival_caged_fury, corexii_corridor_pit, minmay_misc_feat_tiny
D:2:      uniq_jessica, uniq_natasha, uniq_iyjb
D:3:      grunt_temple_overflow_opulence, gup_sewer_entry_bowl,
          hangedman_abyss_or_decor_stabs
D:4:      minmay_temple_entry_water_ring, first_bread
D:5:      ashenzari_altar_1, lemuel_doored_altar, hex_tiny, uniq_pikel
D:6:      wad_woods_stonehenge, basic_altar, serial_shops, shop_statue,
          uniq_eustachio
Temple:   corrupted_temple
Sewer:    sewer_co_purgy_island

Action                   |  1- 3 |  4- 6 |  7- 9 || total
-------------------------+-------+-------+-------++-------
Melee: Quarterstaff      |    92 |   136 |       ||   228
       Whip              |       |   110 |   197 ||   307
Throw: Throwing net      |       |     4 |     2 ||     6
 Cast: Pain              |       |       |     7 ||     7
       Animate Skeleton  |       |       |     2 ||     2
  Use: Scroll            |     4 |     7 |     4 ||    15
 Stab: Held in net/web   |       |     1 |     2 ||     3
